 Dungeon Crawl Stone Soup version 0.26-a0-613-g4f23886233 (webtiles) character file.

Game seed: 7038498996332415466

55 KikubaaqudghaCute the Ruffian (level 3, -3/33 HPs)
             Began as a Ghoul Monk on Sept 11, 2020.
             Slain by a phantom (8 damage)
             ... on level 2 of the Dungeon.
             The game lasted 00:05:05 (1418 turns).

KikubaaqudghaCute the Ruffian (Ghoul Monk)          Turns: 1418, Time: 00:05:06

Health: -3/33      AC:  2    Str: 13 (15) XL:     3   Next: 93%
Magic:  2/2        EV: 16    Int:  5      God:
Gold:   56         SH:  0    Dex:  9 (11) Spells: 2/2 levels left

rFire    . . .     SeeInvis .     - Unarmed
rCold    + . .     Faith    .   (no shield)
rNeg     + + +     Spirit   .   a - +0 robe
rPois    ∞         Reflect  .   (no helmet)
rElec    .         Harm     .   (no cloak)
rCorr    .                      (no gloves)
MR       .....                  (no boots)
Stlth    ++........             (no amulet)
HPRegen  0.00/turn              c - +4 ring of evasion
MPRegen  0.08/turn              (no ring)

@: no status effects
A: rotting body, claws 1, cold resistance 1, negative energy resistance 3,
inhibited regeneration, torment resistance, unbreathing
a: no special abilities


You were on level 2 of the Dungeon.
You visited 1 branch of the dungeon, and saw 2 of its levels.

You collected 56 gold pieces.

Inventory:

Armour
 a - a +0 robe (worn)
 b - a +0 pair of gloves
Jewellery
 c - a +4 ring of evasion (left claw)
Scrolls
 d - a scroll of enchant weapon
 h - 3 scrolls of fear
 j - a scroll of teleportation {unknown}
 l - a scroll of fog {unknown}
 m - a scroll of remove curse {unknown}
Potions
 g - a potion of haste
 k - a potion of curing


   Skills:
 + Level 4.0 Fighting
 - Level 2.6 Dodging
 - Level 2.1 Stealth
 * Level 4.6 Unarmed Combat


You had 2 spell levels left.
You didn't know any spells.
Your spell library was empty.

Dungeon Overview and Level Annotations

Branches:
Dungeon (2/15)

Altars:

Annotations:
D:2 Jessica


Innate Abilities, Weirdness & Mutations

Your body is rotting away.
You thrive by killing the living.
You are immune to poison.
You have sharp fingernails.
Your flesh is cold resistant. (rC+)
You are immune to negative energy. (rN+++)
You do not regenerate when monsters are visible.
You are immune to unholy pain and torment.
You can survive without breathing.


Message History

The poisoned dart barely misses the phantom.
You barely miss the phantom.
The phantom is heavily damaged.
You claw the phantom!
The phantom is severely damaged.
The phantom misses you.
You closely miss the phantom.
The phantom is severely damaged.
The phantom closely misses you.
Press: ? - help, v - describe, . - travel
Here: a phantom (severely damaged)
The floor.
You scratch the phantom but do no damage.
The phantom is severely damaged.
The phantom hits you!
* * * LOW HITPOINT WARNING * * *
You scratch the phantom but do no damage.
The phantom is severely damaged.
The phantom hits you!
You die...

.. #..###............
.. #........(.......
#.#...#..........#
#....(#..(.......#
##....#..........#####
#....(..............#
##.....<............#
#......W...........#
#......@...........#
##>....((..........#
#......(..........#
#.######...##.....# ##
#...##.(...#
#.(.##..?..####
#####.(.##..$.....#
..).....##......(.#
........##........#


You could see a phantom.

Vanquished Creatures
  An adder (D:2)
  An ooze (D:1)
  2 worms
  A dart slug (D:1)
  2 leopard geckos (D:1)
  3 bats
  7 hobgoblins
  4 jackals (D:1)
  A quokka (D:2)
  A ball python (D:1)
  4 goblins (D:1)
  A kobold (D:1)
  3 rats (D:1)
31 creatures vanquished.

Notes
Turn   | Place    | Note
-------+----------+-------------------------------------------
     0 | D:1      | KikubaaqudghaCute the Ghoul Monk began the quest for the
                  | Orb.
     0 | D:1      | Reached XP level 1. HP: 19/19 MP: 0/0
   135 | D:1      | Reached XP level 2. HP: 24/26 MP: 1/1
   474 | D:1      | Reached XP level 3. HP: 33/33 MP: 2/2
  1317 | D:2      | Noticed a phantom
  1398 | D:2      | Noticed Jessica
  1418 | D:2      | Slain by a phantom

Illustrated notes

Levels and vault maps discovered:
D:1:      minmay_arrival_widening_spiral_wide, layout_rooms
D:2:      layout_basic, grunt_temple_overflow_forces_of_nature, uniq_jessica

Skill      XL: |  1  2  3 |
---------------+----------+-----
Unarmed Combat | 4 |  4.6
Fighting       | 4 |  4.0
Dodging        | |  2.6
Stealth        | |  2.1

Action                   || total
-------------------------++-------
Melee: Unarmed           ||   104
       Punch             ||     2
Throw: Dart              ||    17
  Use: Scroll            ||     3
       Potion            ||     2
Armor: Robe              ||    14
Dodge: Dodged            ||    62

Table legend: (Time is in decaauts)
 A = Elapsed time spent in this place.
 B = Non-inter-level travel time spent in this place.
 C = Inter-level travel time spent in this place.
 D = Time resting spent in this place.
 E = Time spent auto-exploring this place.
 F = Levels seen in this place.
 G = Mean time per level.
                   A        B        C        D        E       F      G
               +--------+--------+--------+--------+--------+-----+--------+
         Total |   1411 |   1381 |     30 |    252 |    810 |   2 |  705.5 |
       Dungeon |   1411 |   1381 |     30 |    252 |    810 |   2 |  705.5 |
               +--------+--------+--------+--------+--------+-----+--------+

Top non-repeatable levels by time:
     D:1: 1197 daAuts
     D:2: 214 daAuts
